 Dungeon Sprint DCSS version 0.29-a0-284-gf9362112df (webtiles) character file.

Game seed: 17190953192608952137

244560 mhtbhm the Conqueror (level 17, -2/191 HPs)
             Began as a Minotaur Berserker on Mar 27, 2022.
             Was the Champion of Trog.
             Slain by an emperor scorpion (6 damage)
             ... summoned by a royal mummy
             ... in the Dungeon (Sprint III: "The Ten Rune Challenge").
             The game lasted 00:35:52 (15666 turns).

mhtbhm the Conqueror (Minotaur Berserker)          Turns: 15666, Time: 00:35:52

Health: -2/191     AC: 32    Str: 34    XL:     17   Next: 64%
Magic:  16/16      EV: 18    Int: 14    God:    Trog [******]
Gold:   2458       SH:  0    Dex: 11    Spells: 16/16 levels left

rFire   + . .      SeeInvis .   a - +12 glaive of Prune {vorpal}
rCold   . . .      Faith    +   (shield currently unavailable)
rNeg    + + +      Spirit   .   b - +2 plate armour {rF+}
rPois   .          Reflect  .   P - +1 hat of Claustrophobia {Regen+ Int+2 Dex-2}
rElec   +          Harm     .   X - +1 cloak of the Spheres {+Blink +Inv rN+++ Slay-3}
rCorr   .          Rampage  .   o - +2 pair of gloves of the Slightly Bent {-Tele rElec Int+5 Dex+3}
Will    +....      NoTele   +   (no boots)
Stlth   +.........              K - amulet "Dyoppis" {Faith Int+3}
HPRegen 1.21/turn               R - ring of flight
MPRegen 0.15/turn               H - +6 ring of strength

@: lethally poisoned (-2 -> -23), on berserk cooldown, flying, slowed, studying
2 skills, very slow
A: horns 2, retaliatory headbutt, clumsy 1, noise suppression
}: 4/10 runes: decaying, barnacled, silver, demonic
a: Renounce Religion, Evoke Blink, Evoke Invisibility, Berserk, Trog's Hand,
Brothers in Arms


You were in the Dungeon.
You worshipped Trog.
Trog was exalted by your worship.
You visited 1 branch You collected 4322 gold pieces.
You spent 1864 gold pieces at shops.

Inventory:

Hand Weapons
 a - the +12 glaive of Prune (weapon) {vorpal}
   (Trog gifted it to you in the Dungeon)

   It inflicts extra damage upon your enemies.
   It halves damage taken while paralysed, petrified or unconscious.
 x - the +5 demon trident of False Hope {drain, rElec Str+2}
   (You found it in the Dungeon)

   A truly terrible weapon, it drains the life of any living foe it strikes.
   Str:       It affects your strength (+2).
   rElec:     It insulates you from electricity.
 D - the +5 glaive of Virtue {vorpal, Dex+3}
   (Trog gifted it to you in the Dungeon)

   It inflicts extra damage upon your enemies.
   Dex:       It affects your dexterity (+3).
 L - a +10 glaive of flaming
 M - the +12 glaive of Massacring {flame, rElec rF- rC+ Dex+2}
   (Trog gifted it to you in the Dungeon)

   It burns those it strikes, dealing additional fire damage.
   Big, fiery blades are also staple armaments of hydra-hunters.
   Dex:       It affects your dexterity (+2).
   rF:        It makes you vulnerable to fire.
   rC:        It protects you from cold.
   rElec:     It insulates you from electricity.
Missiles
 q - a javelin (quivered)
 y - 7 curare-tipped darts
Armour
 b - a +2 plate armour of fire resistance (worn)
 h - the +1 cloak of Starlight {*Dazzle EV+4 Stlth--}
   (You found it in the Dungeon)

   It may blind those who miss an attack against the wearer in melee combat.
   EV:        It affects your evasion (+4).
   Stlth:     It makes you much less stealthy.
 i - a +2 tower shield of reflection
 o - the +2 pair of gloves of the Slightly Bent (worn) {-Tele rElec Int+5 Dex+3}
   (You found it in the Dungeon)

   Int:       It affects your intelligence (+5).
   Dex:       It affects your dexterity (+3).
   rElec:     It insulates you from electricity.
   -Tele:     It prevents most forms of teleportation.
 P - the +1 hat of Claustrophobia (worn) {Regen+ Int+2 Dex-2}
   (You acquired it in the Dungeon)

   Int:       It affects your intelligence (+2).
   Dex:       It affects your dexterity (-2).
   Regen:     It increases your rate of health regeneration.
 S - a +2 chain mail of cold resistance
 X - the +1 cloak of the Spheres (worn) {+Blink +Inv rN+++ Slay-3}
   (You acquired it in the Dungeon)

   Slay:      It affects your accuracy & damage with ranged weapons and melee
   (-3).
   rN:        It renders you almost immune to negative energy.
   +Inv:      It lets you turn invisible.
   +Blink:    It lets you blink.
Jewellery
 B - a ring of poison resistance
 C - a ring of see invisible
 F - an amulet of magic regeneration
 H - a +6 ring of strength (right hand)
 I - the ring of Incredulity {Ice +Blink Int+2}
   (You found it in the Dungeon)

   [ring of ice]

   It enhances your ice magic.
   Int:       It affects your intelligence (+2).
   rF:        It makes you vulnerable to fire.
   rC:        It protects you from cold.
   +Blink:    It lets you blink.
 K - the amulet "Dyoppis" (around neck) {Faith Int+3}
   (You took it off a deep elf annihilator in the Dungeon)

   [amulet of faith]

   It allows you to gain divine favour quickly.
   Int:       It affects your intelligence (+3).
 N - a ring of protection from fire
 R - a ring of flight (left hand)
 W - the ring "Feedah" {rN+++ Will- MP+9 Int+6}
   (You acquired it in the Dungeon)

   [ring of intelligence]

   Int:       It affects your intelligence (+6).
   rN:        It renders you almost immune to negative energy.
   MP:        It affects your magic capacity (+9).
   Will:      It decreases your willpower.
Wands
 G - a wand of charming (4)
 O - a wand of digging (4)
 V - a wand of iceblast (7)
Scrolls
 j - a scroll of immolation
 s - a scroll of enchant weapon
 t - a scroll of fog
 u - 6 scrolls of enchant armour
 T - a scroll of vulnerability
 U - 9 scrolls of identify
Potions
 c - 2 potions of curing
 e - 2 potions of haste
 f - 4 potions of magic
 g - 2 potions of berserk rage
 l - a potion of resistance
 m - 3 potions of lignification
 r - a potion of might
 A - a potion of mutation
 Q - 3 potions of flight
Miscellaneous
 k - the horn of Geryon (inert)
 p - a phial of floods
 v - a phantom mirror
 w - a condenser vane (inert)
 E - a tin of tremorstones (2/2)
 J - a box of beasts


   Skills:
 O Level 27 Fighting
 O Level 27 Polearms
 + Level 18.4 Throwing
 O Level 27 Armour
 + Level 24.3 Dodging
 + Level 13.0 Stealth
 + Level 2.3 Shields
 + Level 19.2 Evocations


You had 16 spell levels left.
You didn't know any spells.
Your spell library was empty.

Dungeon Overview and Level Annotations

Branches:
Dungeon (1/1)

Altars:
Cheibriados
Dithmenos
Elyvilon
Fedhas
Gozag
Hepliaklqana
Kikubaaqudgha
Makhleb
Nemelex Xobeh
Okawaru
Qazlal
Ru
Sif Muna
Trog
Uskayaw
Vehumet
Wu Jian
Xom
Yredelemnul
Zin
The Shining One
Beogh
Jiyva
Lugonu

Shops:
D !=[(?[:!!![[=(?([?!*((:


Innate Abilities, Weirdness & Mutations

You have a pair of horns on your head.
You reflexively headbutt those who attack you in melee.
You are clumsy. (Dex -2)
You passively dampen the noise of your surroundings.


Message History

You are lethally poisoned!
The emperor scorpion poisons you!
The emperor scorpion claws you but does no damage.
The emperor scorpion barely misses you.
The emperor scorpion is struck by lightning.
The emperor scorpion closely misses you.
The emperor scorpion barely misses you.
The emperor scorpion claws you but does no damage.
The emperor scorpion is struck by lightning. x2
The royal mummy casts a spell.
The emperor scorpion is struck by lightning.
The emperor scorpion stings you but does no damage.
The emperor scorpion closely misses you.
The emperor scorpion misses you.
The emperor scorpion completely misses you.
The emperor scorpion misses you. x2
The death scarab is struck by lightning.
The death scarab closely misses you.
You feel better.
The death scarab is struck by lightning.
The death scarab bites you but does no damage.
The death scarab is struck by lightning.
The emperor scorpion is struck by lightning.
The death scarab is struck by lightning.
The death scarab bites you!
* * * LOW HITPOINT WARNING * * *
The death scarab drains your vigour!
You feel as though you will be slow longer.
The emperor scorpion is struck by lightning.
The death scarab is struck by lightning.
You destroy the death scarab!
The death scarab's corpse disappears in a puff of smoke!
The emperor scorpion stings you!
* * * LOW HITPOINT WARNING * * *
You are lethally poisoned!
The emperor scorpion poisons you!
The emperor scorpion closely misses you.
The emperor scorpion claws you but does no damage.
The emperor scorpion stings you.
You die...

#[..###........)).#
#[)............)..#
#))............#..#
################..#
#..)..............#
▓'▓▓▓▓▓▓▓▓▓▓▓▓▓▓▓▓▓
▓..#..........§§§§#
▓.^#..).......§§§§#
▓..#..##########@s#
▓..#..#..M..,,,#sB#
▓^.#^.#...M,,,,#sM#
▓..#..#M.M,,,,,#ss#
▓..#..#..,,,,,,#s§#
▓.^#..#'########§§#
▓..#..#....)M.....#
▓..'..#.).........#
▓##################


You could see a royal mummy, 6 emperor scorpions and a death scarab (summoned).

Vanquished Creatures
  Mara (D)
  A royal mummy (D)
  Boris (D)
  Frederick (D)
  Sigmund (D)
  Nikola (D)
  A Hell Sentinel (D)
  Nellie (D)
  Rupert (D)
  A lich (D)
  A titan (D)
  An Executioner (D)
  2 sphinxes (D)
  A deep elf blademaster (D)
  Polyphemus (D)
  Chuck (D)
  Gastronok (D)
  A storm dragon (D)
  Roxanne (D)
  4 shadow dragons (D)
  4 azure jellies (D)
  A fire giant (D)
  A draconian knight (D)
  An iron dragon (D)
  3 war gargoyles (D)
  5 stone giants (D)
  2 vampire knights (D)
  3 deep elf demonologists (D)
  2 dire elephants (D)
  A deep elf annihilator (D)
  Nessos (D)
  Azrael (D)
  An iron golem (D)
  4 mummy priests (D)
  2 deep elf death magi (D)
  3 yaktaur captains (D)
  A fire dragon (D)
  A merfolk javelineer (D)
  4 ice dragons (D)
  13 vault guards (D)
  Erolcha (D)
  2 hell beasts (D)
  An ogre mage (D)
  3 hydras (D)
  2 centaur warriors (D)
  4 dancing weapons (D)
  2 iron elementals (D)
  5 orc high priests (D)
  4 death yaks (D)
  Urug (D)
  2 soul eaters (D)
  2 sun demons (D)
  4 deep elf knights (D)
  A shadow wraith (D)
  9 skeletal warriors (D)
  A spriggan druid (D)
  An anaconda zombie (D)
  A death drake (D)
  A steelbarb worm (shapeshifter) (D)
  A spectral iron dragon (D)
  An orc knight (D)
  A lindwurm (D)
  An obsidian statue (D)
  An orange crystal statue (D)
  4 deep elf pyromancers (D)
  5 ugly things (D)
  2 deep elf zephyrmancers (D)
  4 crystal guardians (D)
  A cyclops (shapeshifter) (D)
  A shining eye (shapeshifter) (D)
  An orc sorcerer (D)
  2 fauns (shapeshifter) (D)
  2 oklob plants (D)
  A manticore (shapeshifter) (D)
  2 elephants (D)
  A stone giant skeleton (D)
  3 rust devils (D)
  2 black mambas (D)
  4 statues (D)
  2 cane toads (D)
  Edmund (D)
  An iron troll simulacrum (D)
  12 yaktaurs (D)
  A molten gargoyle (D)
  A rime drake (D)
  A komodo dragon (D)
  9 guardian mummies (D)
  2 ice devils (D)
  3 wandering mushrooms (D)
  4 spriggan defenders (D)
  A queen bee (D)
  3 hornets (D)
  8 blink frogs (D)
  2 tyrant leeches (D)
  7 slime creatures (D)
  3 dream sheep (D)
  A jumping spider (shapeshifter) (D)
  A shadow (D)
  2 spriggans (D)
  5 redbacks (D)
  A spatial vortex (D)
  7 hydra simulacra (D)
  A floating eye (D)
  An orc warrior (D)
  A swamp drake (D)
  A black mamba simulacrum (D)
  5 two-headed ogres (D)
  A necrophage (D)
  A water elemental (D)
  32 killer bees (D)
  3 electric eels (D)
  2 orc priests (D)
  A jelly (D)
  4 orc wizards (D)
  A necromancer (D)
  A wolf simulacrum (D)
  A kobold demonologist (D)
  3 humans (D)
  A wolf (D)
  2 swamp drake simulacra (D)
  8 orcs (D)
  An endoplasm (D)
  3 rats (D)
  3 butterflies (D)
  2 plants (D)
322 creatures vanquished.

Vanquished Creatures (collateral kills)
  Geryon (D)
  Ilsuiw (D)
  A frost giant (D)
  A mummy priest (D)
  2 vault guards (D)
  A sea snake (D)
  2 yaktaurs (D)
  3 guardian mummies (D)
12 creatures vanquished.

Vanquished Creatures (others)
  An iron giant (D)
  A war gargoyle (D)
  A vault guard (D)
  A wizard (D)
  6 ball lightnings (D)
  2 ballistomycete spores (D)
  A bush (D)
  22 plants (D)
35 creatures vanquished.

Grand Total: 369 creatures vanquished

Notes
Turn   | Place    | Note
-------+----------+-------------------------------------------
     0 | D        | mhtbhm the Minotaur Berserker began the quest for the Orb.
     0 | D        | Reached XP level 1. HP: 19/19 MP: 0/0
    15 | D        | Reached ** piety under Trog
    39 | D        | Noticed a wolf
    44 | D        | Killed a wolf
    45 | D        | Reached skill level 5 in Fighting
    45 | D        | Reached skill level 5 in Polearms
    45 | D        | Reached XP level 2. HP: 29/29 MP: 1/1
    55 | D        | Reached XP level 3. HP: 31/37 MP: 2/2
   176 | D        | Gained mutation: Your body sometimes deteriorates upon
                  | taking damage. [potion of mutation]
   176 | D        | Gained mutation: You are frail. (-10% HP) [potion of
                  | mutation]
   177 | D        | Lost mutation: You are frail. (-10% HP) [potion of
                  | mutation]
   177 | D        | Lost mutation: Your body sometimes deteriorates upon taking
                  | damage. [potion of mutation]
   177 | D        | Gained mutation: Your muscles are strong. (Str +2) [potion
                  | of mutation]
   177 | D        | Gained mutation: You have hidden genetic potential. [potion
                  | of mutation]
   177 | D        | Gained mutation: You sometimes lose the ability to read
                  | scrolls when taking damage. [potion of mutation]
   178 | D        | Lost mutation: Your muscles are strong. (Str +2) [potion of
                  | mutation]
   178 | D        | Lost mutation: You have hidden genetic potential. [potion
                  | of mutation]
   178 | D        | Gained mutation: You have large cloven feet. [potion of
                  | mutation]
   179 | D        | Lost mutation: You sometimes lose the ability to read
                  | scrolls when taking damage. [potion of mutation]
   179 | D        | Lost mutation: You have large cloven feet. [potion of
                  | mutation]
   179 | D        | Gained mutation: You have sharp toenails. [potion of
                  | mutation]
   179 | D        | Gained mutation: You have razor-sharp toenails. [potion of
                  | mutation]
   215 | D        | Noticed a water elemental
   219 | D        | Killed a water elemental
   219 | D        | Reached *** piety under Trog
   220 | D        | Reached XP level 4. HP: 46/47 MP: 3/3
   322 | D        | Found a radiant altar of Vehumet.
   322 | D        | Found a shimmering blue altar of Sif Muna.
   322 | D        | Found an ancient bone altar of Kikubaaqudgha.
   322 | D        | Noticed a wizard
   331 | D        | Killed a wizard
   426 | D        | Found a basalt altar of Yredelemnul.
   426 | D        | Found a shadowy altar of Dithmenos.
   426 | D        | Found a sacrificial altar of Ru.
   426 | D        | Noticed a necrophage
   431 | D        | Killed a necrophage
   432 | D        | Reached XP level 5. HP: 57/57 MP: 4/4
   435 | D        | Reached **** piety under Trog
   488 | D        | Found a glowing silver altar of Zin.
   488 | D        | Found a glowing golden altar of the Shining One.
   488 | D        | Found a white marble altar of Elyvilon.
   488 | D        | Noticed a deep elf pyromancer
   491 | D        | Noticed a fire elemental
   491 | D        | Noticed a fire elemental
   495 | D        | Killed a deep elf pyromancer
   496 | D        | Reached XP level 6. HP: 70/70 MP: 5/5
   496 | D        | Reached XP level 7. HP: 77/77 MP: 6/6
   538 | D        | Found a hide-covered altar of Uskayaw.
   538 | D        | Found an iron altar of Okawaru.
   538 | D        | Found a bloodstained altar of Trog.
   538 | D        | Found an ornate altar of the Wu Jian Council.
   538 | D        | Noticed a human
   538 | D        | Noticed a human
   548 | D        | Killed a human
   551 | D        | Killed a human
   677 | D        | Noticed a shadow
   682 | D        | Killed a shadow
   683 | D        | Reached XP level 8. HP: 88/88 MP: 7/7
   724 | D        | Found a blossoming altar of Fedhas.
   724 | D        | Found a stormy altar of Qazlal.
   724 | D        | Found a snail-covered altar of Cheibriados.
   724 | D        | Found a burning altar of Makhleb.
   724 | D        | Found a shimmering altar of Xom.
   725 | D        | Found a hazy altar of Hepliaklqana.
   725 | D        | Found an opulent altar of Gozag.
   725 | D        | Found a sparkling altar of Nemelex Xobeh.
   725 | D        | Found a corrupted altar of Lugonu.
   725 | D        | Found a viscous altar of Jiyva.
   736 | D        | Reached ***** piety under Trog
  1046 | D        | Noticed a two-headed ogre
  1066 | D        | Killed a two-headed ogre
  1067 | D        | Reached skill level 15 in Polearms
  1140 | D        | Noticed Erolcha
  1140 | D        | Noticed a two-headed ogre
  1146 | D        | Killed Erolcha
  1147 | D        | Reached skill level 15 in Fighting
  1147 | D        | Reached XP level 9. HP: 100/100 MP: 8/8
  1153 | D        | Killed a two-headed ogre
  1779 | D        | Noticed a wandering mushroom
  1783 | D        | Noticed a wandering mushroom
  1796 | D        | Killed a wandering mushroom
  1797 | D        | Noticed a wandering mushroom
  1810 | D        | Killed a wandering mushroom
  1810 | D        | Reached ****** piety under Trog
  1823 | D        | Killed a wandering mushroom
  1823 | D        | Received a gift from Trog
  1824 | D        | Reached skill level 1 in Evocations
  1833 | D        | Noticed a cane toad
  1833 | D        | Noticed a komodo dragon
  1833 | D        | Noticed a cane toad
  1843 | D        | Killed a cane toad
  1844 | D        | Killed a cane toad
  1845 | D        | Reached XP level 10. HP: 89/112 MP: 9/9
  1848 | D        | Reached skill level 10 in Dodging
  2089 | D        | HP: 5/112 [poisoned by a redback]
  2667 | D        | Noticed a lindwurm
  2672 | D        | Killed a lindwurm
  2673 | D        | Reached skill level 1 in Stealth
  2763 | D        | Noticed Urug
  2766 | D        | Killed Urug
  2766 | D        | Received a gift from Trog
  2811 | D        | Noticed an eight-headed hydra
  2811 | D        | Noticed a seven-headed hydra
  2820 | D        | Killed a three-headed hydra
  2822 | D        | Killed a six-headed hydra
  3075 | D        | Noticed a death drake
  3082 | D        | Killed a death drake
  3083 | D        | Reached XP level 11. HP: 53/123 MP: 10/10
  3437 | D        | Noticed an ice dragon
  3449 | D        | Killed an ice dragon
  3449 | D        | Received a gift from Trog
  3594 | D        | Found Tisus's Magic Scroll Emporium.
  3594 | D        | Found Liuharaf's Antique Armour Shop.
  3594 | D        | Noticed an ice dragon
  3594 | D        | Noticed an ice dragon
  3594 | D        | Noticed an ice dragon
  3598 | D        | Killed an ice dragon
  3599 | D        | Found Irotij's Book Shoppe.
  3608 | D        | Killed an ice dragon
  3609 | D        | Killed an ice dragon
  3833 | D        | Noticed a four-headed hydra
  3837 | D        | Killed a two-headed hydra
  3838 | D        | Received a gift from Trog
  3953 | D        | Got a decaying rune of Zot
  3999 | D        | Reached skill level 10 in Armour
  4344 | D        | Found Foshohur's Antique Weapon Boutique.
  4344 | D        | Noticed an orc high priest
  4346 | D        | Noticed an orc sorcerer
  4347 | D        | Received a gift from Trog
  4352 | D        | Noticed an orc knight
  4354 | D        | Killed an orc high priest
  4355 | D        | Received a gift from Trog
  4360 | D        | Killed an orc sorcerer
  4369 | D        | Killed an orc knight
  4379 | D        | Received a gift from Trog
  4563 | D        | Noticed a deep elf pyromancer
  4563 | D        | Noticed a deep elf pyromancer
  4563 | D        | Noticed a deep elf zephyrmancer
  4563 | D        | Noticed a deep elf pyromancer
  4563 | D        | Noticed a deep elf zephyrmancer
  4571 | D        | Killed a deep elf pyromancer
  4572 | D        | Noticed a deep elf demonologist
  4574 | D        | Killed a deep elf zephyrmancer
  4576 | D        | Killed a deep elf pyromancer
  4581 | D        | Killed a deep elf zephyrmancer
  4581 | D        | Received a gift from Trog
  4586 | D        | Noticed a Tzitzimitl
  4588 | D        | Killed a deep elf pyromancer
  4589 | D        | Reached XP level 12. HP: 101/139 MP: 11/11
  4599 | D        | Noticed a balrug
  4796 | D        | Noticed a deep elf demonologist
  4799 | D        | Noticed a deep elf death mage
  4845 | D        | Noticed Sigmund
  4845 | D        | Noticed Edmund
  4854 | D        | Killed Edmund
  4857 | D        | Killed Sigmund
  5038 | D        | Received a gift from Trog
  5256 | D        | Found Sosmexki's Antique Armour Emporium.
  5256 | D        | Found Ufiolagg's Distillery.
  5256 | D        | Found Ewyafid's Book Shoppe.
  5256 | D        | Found Iffonav's Antique Weapon Boutique.
  5256 | D        | Found Onosewad's Magic Scroll Emporium.
  5256 | D        | Found Tesoogyc's Magic Scroll Shoppe.
  5256 | D        | Found Maziol's Weapon Shop.
  5256 | D        | Found Roust's Antique Weapon Shop.
  5256 | D        | Found Mutiur's Antique Weapon Emporium.
  5256 | D        | Found Toushrast's Jewellery Emporium.
  5256 | D        | Found Taiw's General Store.
  5289 | D        | Bought a scroll of blinking for 82 gold pieces
  5289 | D        | Bought a scroll of identify for 22 gold pieces
  5289 | D        | Bought a scroll of magic mapping for 38 gold pieces
  5298 | D        | Bought a potion of heal wounds for 50 gold pieces
  5300 | D        | Bought a scroll of enchant weapon for 90 gold pieces
  5300 | D        | Bought a scroll of blinking for 90 gold pieces
  5315 | D        | Bought a scroll of fog for 24 gold pieces
  5315 | D        | Bought a scroll of fog for 24 gold pieces
  5318 | D        | Bought 2 scrolls of identify for 48 gold pieces
  5318 | D        | Bought 3 scrolls of identify for 72 gold pieces
  5325 | D        | Reached skill level 1 in Throwing
  5325 | D        | Reached skill level 1 in Shields
  5325 | D        | Reached XP level 13. HP: 151/151 MP: 12/12
  5459 | D        | Received a gift from Trog
  5525 | D        | Gained mutation: You do not regenerate when monsters are
                  | visible. [a shining eye]
  5530 | D        | Lost mutation: You have razor-sharp toenails. [potion of
                  | mutation]
  5530 | D        | Lost mutation: You do not regenerate when monsters are
                  | visible. [potion of mutation]
  5530 | D        | Lost mutation: You have sharp toenails. [potion of
                  | mutation]
  5530 | D        | Gained mutation: You are clumsy. (Dex -2) [potion of
                  | mutation]
  5530 | D        | Gained mutation: You passively dampen the noise of your
                  | surroundings. [potion of mutation]
  5533 | D        | Noticed a fire dragon
  5536 | D        | Killed a fire dragon
  5639 | D        | Received a gift from Trog
  5725 | D        | Identified the +5 demon trident of False Hope {drain, rElec
                  | Str+2}
  5933 | D        | Received a gift from Trog
  6224 | D        | Received a gift from Trog
  6225 | D        | Reached skill level 27 in Fighting
  6228 | D        | Reached skill level 15 in Armour
  6306 | D        | Noticed an ancient lich
  6465 | D        | Identified the +7 halberd of Gagegigi {vorpal, Int-5 Dex+5}
                  | (Trog gifted it to you in the Dungeon)
  6465 | D        | Received a gift from Trog
  6506 | D        | Noticed a dire elephant
  6506 | D        | Noticed a dire elephant
  6506 | D        | Noticed Gastronok
  6521 | D        | Killed a dire elephant
  6522 | D        | Reached XP level 14. HP: 168/168 MP: 13/13
  6543 | D        | Killed Gastronok
  6588 | D        | Noticed an azure jelly
  6588 | D        | Noticed an azure jelly
  6588 | D        | Noticed an azure jelly
  6589 | D        | Noticed an azure jelly
  6591 | D        | Noticed Rupert
  6601 | D        | Killed Rupert
  6797 | D        | Received a gift from Trog
  6808 | D        | Reached skill level 27 in Polearms
  6826 | D        | Reached skill level 15 in Dodging
  6972 | D        | Killed an azure jelly
  6972 | D        | Received a gift from Trog
  6973 | D        | Killed an azure jelly
  6974 | D        | Reached skill level 5 in Stealth
  6975 | D        | Killed an azure jelly
  6977 | D        | Killed an azure jelly
  7083 | D        | Noticed Polyphemus
  7107 | D        | Killed Polyphemus
  7110 | D        | Received a gift from Trog
  7791 | D        | Paralysed by an air elemental for 1 turns
  7796 | D        | Paralysed by an air elemental for 1 turns
  7802 | D        | Received a gift from Trog
  8208 | D        | Noticed Boris
  8223 | D        | Killed Boris
  8226 | D        | Received a gift from Trog
  8557 | D        | Found Laeliamie's Distillery.
  8557 | D        | Found Noetouha's Armour Shop.
  8557 | D        | Found Eggaugh's Distillery.
  8557 | D        | Found Luvol's Armour Shoppe.
  8621 | D        | Noticed Roxanne
  8633 | D        | Killed Roxanne
  8633 | D        | Received a gift from Trog
  8776 | D        | Found Waepasoo's Distillery.
  8829 | D        | Bought a potion of experience for 600 gold pieces
  8829 | D        | Reached XP level 15. HP: 174/174 MP: 14/14
  8887 | D        | Noticed a black draconian knight
  8894 | D        | Received a gift from Trog
  8913 | D        | Killed a black draconian knight
  9028 | D        | Noticed an Executioner
  9034 | D        | Killed an Executioner
  9034 | D        | Received a gift from Trog
  9035 | D        | Reached skill level 5 in Throwing
  9086 | D        | Noticed Nessos
  9108 | D        | Killed Nessos
  9109 | D        | Reached skill level 5 in Evocations
  9768 | D        | Received a gift from Trog
  9842 | D        | Noticed a sphinx
  9842 | D        | Noticed a sphinx
  9854 | D        | Killed a sphinx
  9859 | D        | Killed a sphinx
  9860 | D        | Reached XP level 16. HP: 168/183 MP: 15/15
  9931 | D        | Received a gift from Trog
 10146 | D        | Noticed Chuck
 10157 | D        | Killed Chuck
 10262 | D        | Bought a potion of haste for 110 gold pieces
 10363 | D        | Found a blossoming altar of Fedhas.
 10373 | D        | Received a gift from Trog
 10452 | D        | Noticed Ilsuiw
 10499 | D        | Killed Ilsuiw
 10500 | D        | Found Saczotewaj's Distillery.
 10643 | D        | Found Xutzuv's Jewellery Boutique.
 10644 | D        | Found Hinounax's Antique Armour Emporium.
 10685 | D        | Bought a ring of poison resistance for 200 gold pieces
 10685 | D        | Bought a ring of see invisible for 150 gold pieces
 10858 | D        | Bought a potion of heal wounds for 65 gold pieces
 10858 | D        | Bought a potion of curing for 39 gold pieces
 10858 | D        | Bought a potion of curing for 39 gold pieces
 10858 | D        | Bought a potion of curing for 39 gold pieces
 10858 | D        | Bought a potion of might for 52 gold pieces
 10871 | D        | Got a barnacled rune of Zot
 11038 | D        | Bought a potion of flight for 30 gold pieces
 11150 | D        | Noticed a deep elf blademaster
 11151 | D        | Identified the amulet "Dyoppis" {Faith Int+3}
 11295 | D        | Received a gift from Trog
 11642 | D        | Killed a deep elf blademaster
 11642 | D        | Identified the +5 glaive of Virtue {vorpal, Dex+3} (Trog
                  | gifted it to you in the Dungeon)
 11642 | D        | Received a gift from Trog
 11692 | D        | Identified the +0 falchion "Lucvax" {chaos, rF+ rN+++ MP-9}
 11697 | D        | Identified the ring of Incredulity {Ice +Blink Int+2}
 12028 | D        | Received a gift from Trog
 12029 | D        | Received a gift from Trog
 12033 | D        | Received a gift from Trog
 12038 | D        | Received a gift from Trog
 12237 | D        | Received a gift from Trog
 12429 | D        | Received a gift from Trog
 12435 | D        | Reached skill level 10 in Throwing
 12533 | D        | Identified the +5 glaive of Royalism {vorpal, rC+ Will-
                  | SInv} (Trog gifted it to you in the Dungeon)
 12533 | D        | Received a gift from Trog
 12535 | D        | Noticed Geryon
 12549 | D        | Received a gift from Trog
 12573 | D        | Killed Geryon
 12856 | D        | Noticed an iron giant
 12867 | D        | Killed an iron giant
 12872 | D        | Received a gift from Trog
 12878 | D        | Reached skill level 27 in Armour
 12881 | D        | Reached skill level 10 in Evocations
 13121 | D        | Received a gift from Trog
 13275 | D        | Found the +1 cloak of Starlight {*Dazzle EV+4 Stlth--}
 13276 | D        | Noticed a Hell Sentinel
 13290 | D        | Killed a Hell Sentinel
 13297 | D        | Identified the +2 pair of gloves of the Slightly Bent
                  | {-Tele rElec Int+5 Dex+3}
 13604 | D        | Noticed a storm dragon
 13605 | D        | Noticed Nikola
 13614 | D        | Killed a storm dragon
 13617 | D        | Killed Nikola
 13624 | D        | Received a gift from Trog
 13754 | D        | Noticed Mara
 13772 | D        | Killed Mara
 13772 | D        | Identified the +10 dire flail of Exquisite Torment {vorpal,
                  | Int-4 Dex+4} (Trog gifted it to you in the Dungeon)
 13772 | D        | Received a gift from Trog
 14053 | D        | Noticed Frederick
 14068 | D        | Killed Frederick
 14068 | D        | Received a gift from Trog
 14069 | D        | Reached skill level 15 in Throwing
 14069 | D        | Reached XP level 17. HP: 191/191 MP: 16/16
 14163 | D        | Noticed a lich
 14166 | D        | Killed a lich
 14182 | D        | Received a gift from Trog
 14182 | D        | Found the +12 glaive of Prune {vorpal}
 14481 | D        | Noticed a titan
 14486 | D        | Received a gift from Trog
 14492 | D        | Reached skill level 10 in Stealth
 14493 | D        | Received a gift from Trog
 14494 | D        | Reached skill level 15 in Evocations
 14496 | D        | Killed a titan
 14496 | D        | Received a gift from Trog
 14507 | D        | Identified the +11 halberd "Ygizaos" {vorpal, Dex+2} (Trog
                  | gifted it to you in the Dungeon)
 14507 | D        | Received a gift from Trog
 14516 | D        | Received a gift from Trog
 14528 | D        | Identified the +12 glaive of Massacring {flame, rElec rF-
                  | rC+ Dex+2} (Trog gifted it to you in the Dungeon)
 14528 | D        | Received a gift from Trog
 14563 | D        | Got a silver rune of Zot
 14591 | D        | Identified the +1 robe of the Grey Skies {rPois rN+}
 15099 | D        | Noticed Azrael
 15103 | D        | Killed Azrael
 15157 | D        | Noticed Nellie
 15163 | D        | Killed Nellie
 15163 | D        | Received a gift from Trog
 15167 | D        | Got a demonic rune of Zot
 15322 | D        | Acquired the ring "Feedah" {rN+++ Will- MP+9 Int+6}
 15328 | D        | Acquired the +1 cloak of the Spheres {+Blink +Inv rN+++
                  | Slay-3}
 15332 | D        | Acquired the +1 hat of Claustrophobia {Regen+ Int+2 Dex-2}
 15453 | D        | Noticed a royal mummy
 15456 | D        | Received a gift from Trog
 15645 | D        | Killed a royal mummy
 15647 | D        | Received a gift from Trog
 15648 | D        | Noticed a royal mummy
 15666 | D        | HP: 4/191 [emperor scorpion[a royal mummy] (17)]
 15666 | D        | Slain by an emperor scorpion

Illustrated notes

Levels and vault maps discovered:
D:        dungeon_sprint_mu [sprint_mu_entry_forest, sprint_mu_temple_rooms,
          sprint_mu_d1_spiders, sprint_mu_d2_genie, sprint_mu_d3_branching,
          sprint_mu_orc_legion, sprint_mu_elf_gauntlet, sprint_mu_hive_nellie,
          sprint_mu_lair_fedhas, sprint_mu_vaults_butterflies,
          sprint_mu_slime_circle, sprint_mu_swamp_cave, sprint_mu_shoals_archi,
          sprint_mu_blade_basic, sprint_mu_crypt_lich, sprint_mu_tomb_spiral,
          sprint_mu_vestibule_basic, sprint_mu_gehenna_hellfire,
          sprint_mu_dis_giant, sprint_mu_tartarus_statrot,
          sprint_mu_cocytus_islands, sprint_mu_zot1]

Skill      XL: |  1  2  3  4  5  6  7  8  9 10 11 12 13 14 15 16 17 |
---------------+----------------------------------------------------+-----
Fighting       | 5 7 9 12 13 15 17 19 22 24 27 | 27.0
Polearms       | 5 6 7 9 12 13 16 17 20 22 23 25 27 | 27.0
Armour         | 3 4 6 7 8 12 13 15 21 23 27 | 27.0
Dodging        | 3 4 6 7 8 9 11 12 13 14 17 19 22 24 | 24.3
Evocations     | 1 2 4 5 13 19 | 19.2
Stealth        | 2 3 6 7 9 13 | 13.0
Throwing       | 1 4 5 15 18 | 18.4
Shields        | 1 2 |  2.3

Action                   |  1- 3 |  4- 6 |  7- 9 | 10-12 | 13-15 | 16-18 || total
-------------------------+-------+-------+-------+-------+-------+-------++-------
Melee: Spear             |    25 |    19 |   103 |       |       |       ||   147
       Headbutt          |     3 |       |    14 |    23 |    65 |    79 ||   184
       Kick              |     1 |     3 |    23 |    28 |     9 |       ||    64
       Glaive            |       |       |    10 |   146 |   320 |   402 ||   878
Throw: Dart              |       |       |       |       |     5 |    13 ||    18
       Javelin           |       |       |       |       |       |     8 ||     8
Invok: Berserk           |     2 |     3 |     7 |     7 |    12 |    15 ||    46
       Brothers in Arms  |       |       |       |       |       |     6 ||     6
       Trog's Hand       |       |       |       |       |       |     1 ||     1
Evoke: Wand              |       |     1 |     1 |       |     1 |    19 ||    22
       Condenser vane    |       |       |       |       |     1 |     9 ||    10
       Horn of Geryon    |       |       |       |       |       |     6 ||     6
       Phial of floods   |       |       |       |       |       |     1 ||     1
  Use: Potion            |     4 |       |       |     2 |     6 |     9 ||    21
       Scroll            |       |       |       |     9 |     1 |    11 ||    21
 Stab: Confused          |       |       |       |       |     1 |       ||     1
       Distracted        |       |       |       |       |       |     3 ||     3
       Invisible         |       |       |       |       |       |     2 ||     2
Armor: Animal skin       |     2 |       |       |       |       |       ||     2
       Scale mail        |       |       |       |     5 |       |       ||     5
       Ice dragon scales |       |       |       |    25 |    86 |    27 ||   138
       Chain mail        |       |       |       |       |       |    85 ||    85
       Plate armour      |       |       |       |       |       |    28 ||    28
Dodge: Dodged            |     3 |     5 |    16 |    70 |   115 |   260 ||   469

Table legend: (Time is in decaauts) A = Elapsed time spent in this place. B = Non-inter-level travel time spent in this place. C = Inter-level travel time spent in this place. D = Time resting spent in this place. E = Time spent auto-exploring this place. F = Levels seen in this place. G = Mean time per level. A B C D E F G +--------+--------+--------+--------+--------+-----+--------+ Total | 15920 | 15770 | 150 | 10572 | 149 | 1 | 15920.0 | Dungeon | 15920 | 15770 | 150 | 10572 | 149 | 1 | 15920.0 | +--------+--------+--------+--------+--------+-----+--------+

Top non-repeatable levels by time:
       D: 15920 daAuts
